 Dungeon Crawl Stone Soup version 0.27-a0-1071-ga85bd9520d (webtiles) character file.

Game seed: 17691331832393095072

4209 tardwrangler69 the Nimble (level 10, 0/56 HPs)
             Began as an Octopode Earth Elementalist on Apr 24, 2021.
             Was an Initiate of Gozag.
             Slain by a death yak (29 damage)
             ... on level 8 of the Dungeon.
             The game lasted 00:13:06 (10600 turns).

tardwrangler69 the Nimble (OpEE)                   Turns: 10600, Time: 00:13:07

Health: 0/56       AC:  5    Str:  9    XL:     10   Next: 29%
Magic:  4/19       EV: 21    Int: 20    God:    Gozag
Gold:   551        SH:  0    Dex: 12    Spells: 12/21 levels left

rFire    . . .     SeeInvis .   a - +3 dagger
rCold    + . .     Faith    .   (no shield)
rNeg     . . .     Spirit   .   x - +0 hat of the Wasteland {+Blink}
rPois    .         Reflect  .   (no amulet)
rElec    .         Harm     .   j - ring of wizardry
rCorr    .         Rampage  .   k - +4 ring of evasion
Will     .....                  w - +4 ring of protection
Stlth    +++.......             A - ring of protection from cold
HPRegen  0.18/turn              (no ring)
MPRegen  0.16/turn              (no ring)
                                (no ring)
                                (no ring)

@: no status effects
A: almost no armour, amphibious, 8 rings, camouflage 1, gelatinous body 1,
(nimble swimmer 1), tentacles
a: Renounce Religion, Evoke Blink, Potion Petition, Call Merchant, Bribe Branch


You were on level 8 of the Dungeon.
You worshipped Gozag.
Gozag was pleased with you.
You visited 2 branches of the dungeon, and saw 9 of its levels.

You collected 860 gold pieces.
You spent 234 gold pieces at shops.
You paid 75 gold pieces to Gozag.

Inventory:

Hand Weapons
 a - a +3 dagger (weapon)
Missiles
 b - 126 stones
 l - 7 curare-tipped darts
 p - 12 atropa-tipped darts
Armour
 x - the +0 hat of the Wasteland (worn) {+Blink}
   (You bought it in a shop on level 1 of the Dungeon)

   It lets you blink.
Jewellery
 j - a ring of wizardry (left tentacle)
 k - a +4 ring of evasion (right tentacle)
 n - a ring of ice
 w - a +4 ring of protection (on tentacle)
 A - a ring of protection from cold (on tentacle)
Wands
 o - a wand of iceblast (22)
 s - a wand of flame (10)
 v - a wand of mindburst (10)
 D - a wand of acid (9)
 I - a wand of paralysis (6)
Scrolls
 f - 2 scrolls of enchant armour
 i - a scroll of noise {unknown}
 m - 4 scrolls of teleportation
 q - 3 scrolls of fog
 r - a scroll of magic mapping {unknown}
 t - a scroll of amnesia {unknown}
 y - a scroll of enchant weapon {unknown}
 B - a scroll of summoning {unknown}
 E - a scroll of vulnerability {unknown}
 F - a scroll of fear {unknown}
 G - a scroll of identify
 H - a scroll of holy word {unknown}
Potions
 c - 5 potions of brilliance
 d - 3 potions of heal wounds
 e - 5 potions of curing {unknown}
 g - 2 potions of magic {unknown}
 h - a potion of haste {unknown}
 u - 2 potions of degeneration {unknown}
 z - a potion of invisibility {unknown}
 C - a potion of might {unknown}


   Skills:
 + Level 10.7 Dodging
 - Level 2.6 Stealth
 - Level 6.0 Spellcasting
 - Level 3.0 Conjurations
 - Level 1.0 Transmutations
 - Level 8.0 Earth Magic


You had 12 spell levels left.
You knew the following spells:

 Your Spells              Type           Power      Damage    Failure   Level
a - Sandblast             Erth           76%        2d16      1%          1
b - Stone Arrow           Conj/Erth      56%        3d10      1%          3
c - Lee's Rapid Deconstr  Erth           19%        3d12*     4%          5

Your spell library contained the following spells:

 Spells                   Type           Power      Damage    Failure   Level
 Passwall                 Tmut/Erth      20%        N/A       1%          2
 Animate Skeleton         Necr           12%        N/A       4%          1
 Apportation              Tloc           12%        N/A       4%          1
 Freeze                   Ice            24%        1d5       4%          1
 Blink                    Tloc           N/A        N/A       6%          2
 Petrify                  Tmut/Erth      24%        N/A       6%          4
 Frozen Ramparts          Ice            12%        1d3       12%         3
 Ozocubu's Armour         Ice            6%         N/A       12%         3
 Hailstorm                Conj/Ice       12%        3d5       22%         4
 Manifold Assault         Tloc           6%         N/A       71%         5
 Metabolic Englaciation   Hex/Ice        3%         N/A       71%         5
 Summon Forest            Summ/Tloc      3%         N/A       71%         5
 Dispersal                Tloc           3%         N/A       99%         6


Dungeon Overview and Level Annotations

Branches:
Dungeon (8/15)             Temple (1/1) D:5            Lair (0/6) D:8

Altars:
Ashenzari
Cheibriados
Dithmenos
Elyvilon
Fedhas
Gozag
Hepliaklqana
Kikubaaqudgha
Makhleb
Nemelex Xobeh
Okawaru
Qazlal
Ru
Sif Muna
Trog
Uskayaw
Vehumet
Wu Jian
Xom
Yredelemnul
Zin
The Shining One

Shops:
D:1 [   D:2 ?   D:3 (   D:8 ?

Annotations:
D:3 3 runed translucent doors, Pooter's ghost, amateur DsIE
D:4 3 runed translucent doors, tinescath's ghost, amateur PaFi
D:5 2 runed translucent doors, flotson's ghost, novice GnDe
D:6 3 runed translucent doors, CowFu's ghost, novice TrBe


Innate Abilities, Weirdness & Mutations

You cannot wear most types of armour.
You are amphibious.
You can wear up to eight rings at the same time.
Your skin changes colour to match your surroundings (Stealth+).
Your rubbery body absorbs attacks. (AC +1, EV +1)
((You are camouflaged near water. (Stealth+)))
You have tentacles for arms and can constrict up to eight enemies at once.


Message History

Aiming: Stone Arrow (safe; 1% risk of failure)
Press: ? - help, Shift-Dir - straight line, f - death yak
Aim: a death yak (wandering, hasn't noticed you, 90% to hit)
The stone arrow hits the death yak.
The death yak is lightly wounded.
The death yak bellows!
Casting: Stone Arrow (safe; 1% risk of failure)
Confirm with . or Enter, or press ? or * to list all spells.
Aiming: Stone Arrow (safe; 1% risk of failure)
Press: ? - help, Shift-Dir - straight line, f/p - death yak
Aim: a death yak (lightly wounded, 90% to hit)
The stone arrow hits the death yak!!
The death yak is moderately wounded.
Casting: Stone Arrow (safe; 1% risk of failure)
Confirm with . or Enter, or press ? or * to list all spells.
Aiming: Stone Arrow (safe; 1% risk of failure)
Press: ? - help, Shift-Dir - straight line, f/p - death yak
Aim: a death yak (moderately wounded, 90% to hit)
The stone arrow hits the death yak!
The death yak is heavily wounded.
The death yak gores you!!
Casting: Stone Arrow (safe; 1% risk of failure)
Confirm with . or Enter, or press ? or * to list all spells.
Aiming: Stone Arrow (safe; 1% risk of failure)
Press: ? - help, Shift-Dir - straight line, f/p - death yak
Aim: a death yak (heavily wounded, 90% to hit)
The stone arrow hits the death yak.
The death yak is heavily wounded.
The death yak barely misses you.
Casting: Stone Arrow (safe; 1% risk of failure)
Confirm with . or Enter, or press ? or * to list all spells.
Aiming: Stone Arrow (safe; 1% risk of failure)
Press: ? - help, Shift-Dir - straight line, f/p - death yak
Aim: a death yak (heavily wounded, 90% to hit)
The stone arrow hits the death yak!
The death yak is severely wounded.
The death yak gores you!!
Ouch! That really hurt!
You die...
Your body crumbles into a pile of gold.

#.≈...#≈.##≈#
#.................
#.♣≈..≈...#.#
#.#.#########.....
#.≈≈≈≈.≈≈♣≈♣# #.#.#
#.....
#..≈..≈....≈###.#.#
#.....
##.≈≈.#≈.≈≈≈.##.#.#
###.....
#≈.≈≈≈≈♣≈≈≈.##'#.#####
#.......
#≈≈#.≈♣#≈.[..........#
#.......
#≈≈#≈.≈#≈.≈..........#
#.......
##.#..≈#.≈...Y@.<....#
#.......
#######.#...........#
#......#
#.............#
###.....
#######.####### #....#
#.# ######
#.###########
#...........#
#...........#
#...........#


You could see a death yak.

Vanquished Creatures
  A two-headed ogre (D:5)
  A death yak (D:7)
  A steam dragon (D:8)
  2 water moccasins (D:7)
  2 ice beasts
  A sky beast (D:7)
  3 black bears
  3 necrophages
  2 orc warriors (D:8)
  4 ogres
  2 phantoms
  Blork the orc (D:4)
  2 bullfrogs (D:8)
  3 scorpions
  A wyvern zombie (D:6)
  3 centaur zombies
  A jelly (D:8)
  A bullfrog zombie (D:6)
  2 hounds
  An orc priest (D:8)
  2 centaur skeletons
  Ijyb (D:4)
  5 orc wizards
  A hell rat (D:8)
  A howler monkey zombie (D:7)
  Robin (D:2)
  4 gnolls (D:6)
  5 adders
  A shadow imp (D:7)
  2 worms
  2 dart slugs
  15 orcs
  7 endoplasms
  6 giant cockroaches
  13 goblins
  12 hobgoblins
  7 jackals
  7 kobolds
  A quokka (D:8)
  4 ball pythons
  5 bats
  13 rats
152 creatures vanquished.

Notes
Turn   | Place    | Note
-------+----------+-------------------------------------------
     0 | D:1      | tardwrangler69 the Octopode Earth Elementalist began the
                  | quest for the Orb.
     0 | D:1      | Reached XP level 1. HP: 11/11 MP: 3/3
   145 | D:1      | Reached XP level 2. HP: 12/17 MP: 5/5
   438 | D:1      | Found Semeatul's Antique Armour Shoppe.
   792 | D:1      | Reached XP level 3. HP: 21/21 MP: 6/6
  1327 | D:2      | Noticed Robin
  1333 | D:2      | Killed Robin
  1334 | D:2      | Reached XP level 4. HP: 14/27 MP: 2/8
  1509 | D:2      | Found Uhaoleid's Magic Scroll Emporium.
  2502 | D:3      | Identified the Disquisition on Displaced Black Rites
  2585 | D:3      | Found a runed translucent gate.
  2585 | D:3      | Found a runed translucent gate.
  2585 | D:3      | Found a runed translucent gate.
  2586 | D:3      | Noticed Pooter's ghost (amateur DsIE)
  2620 | D:3      | Found Opoeg's Antique Weapon Shop.
  3358 | D:3      | Learned a level 3 spell: Stone Arrow
  3447 | D:4      | Noticed Blork the orc
  3447 | D:4      | Noticed a necrophage
  3499 | D:4      | Noticed Ijyb
  3508 | D:4      | Killed Ijyb
  3509 | D:4      | Reached XP level 5. HP: 25/31 MP: 0/9
  3620 | D:4      | Killed a necrophage
  3621 | D:4      | Reached skill level 1 in Conjurations
  3621 | D:4      | Reached skill level 5 in Earth Magic
  3715 | D:4      | Found a glowing golden altar of the Shining One.
  3716 | D:4      | Found a glowing silver altar of Zin.
  3717 | D:4      | Found a bloodstained altar of Trog.
  3722 | D:4      | Reached XP level 6. HP: 36/36 MP: 7/11
  3793 | D:4      | Killed Blork the orc
  3902 | D:4      | Found a runed translucent gate.
  3902 | D:4      | Found a runed translucent gate.
  3904 | D:4      | Found a runed translucent gate.
  3904 | D:4      | Noticed tinescath's ghost (amateur PaFi)
  4190 | D:4      | Reached XP level 7. HP: 41/41 MP: 8/12
  4314 | D:5      | Entered Level 5 of the Dungeon
  4929 | D:5      | Found a runed translucent door.
  4949 | D:5      | Noticed flotson's ghost (novice GnDe)
  4960 | D:5      | Found a hide-covered altar of Uskayaw.
  4960 | D:5      | Found a shimmering altar of Xom.
  5226 | D:5      | Found a runed translucent door.
  5403 | D:5      | Reached XP level 8. HP: 42/46 MP: 8/14
  5500 | D:5      | Found a staircase to the Ecumenical Temple.
  5593 | D:5      | Noticed a two-headed ogre
  5650 | Temple   | Entered the Ecumenical Temple
  5781 | Temple   | Became a worshipper of Gozag Ym Sagoz the Greedy
  5937 | D:5      | Killed a two-headed ogre
  5938 | D:5      | Reached skill level 4 in Dodging
  6082 | D:5      | Learned a level 5 spell: Lee's Rapid Deconstruction
  6360 | D:6      | Found a runed translucent gate.
  6360 | D:6      | Found a runed translucent gate.
  6360 | D:6      | Found a runed translucent gate.
  6361 | D:6      | Found an opulent altar of Gozag.
  6362 | D:6      | Noticed a vampire
  6363 | D:6      | Noticed CowFu's ghost (novice TrBe)
  6402 | D:6      | Reached XP level 9. HP: 51/51 MP: 11/18
  6479 | D:6      | Reached skill level 5 in Dodging
  6785 | D:6      | Reached skill level 6 in Dodging
  7136 | D:1      | Bought an ichor-stained hat for 234 gold pieces
  7136 | D:1      | Identified the +0 hat of the Wasteland {+Blink} (You bought
                  | it in a shop on level 1 of the Dungeon)
  7414 | D:7      | Reached skill level 7 in Dodging
  8149 | D:7      | Reached skill level 8 in Dodging
  8607 | D:8      | Found Cutian's Magic Scroll Shop.
  8657 | D:8      | Reached skill level 9 in Dodging
  8745 | D:8      | Noticed a death yak
  8745 | D:8      | Noticed a death yak
  9311 | D:8      | Noticed a death yak
  9616 | D:7      | Reached XP level 10. HP: 56/56 MP: 9/19
  9868 | D:7      | Killed a death yak
  9869 | D:7      | Reached skill level 10 in Dodging
 10166 | D:8      | Found a staircase to the Lair.
 10600 | D:8      | Slain by a death yak

Illustrated notes

Levels and vault maps discovered:
D:1:      saegor_arrival_simple_d, layout_basic, serial_shops, shop
D:2:      layout_loops_corners, serial_shops, shop, st_stairs_2,
          kennysheep_donut, uniq_robin
D:3:      layout_basic, gammafunk_ghost_necromancy, serial_shops, shop
D:4:      layout_basic, chequers_temple_overflow_statue_of_worship,
          ebering_ghost_rock_garden, uniq_ijyb, uniq_blork_the_orc
D:5:      layout_basic, gammafunk_temple_overflow_elements,
          minmay_temple_entry_tees, ebering_ghost_sewer_f, hangedman_glass_teeth
D:6:      layout_gridville, ebering_ghost_gozag
D:7:      layout_loops_cross, st_stairs_13
D:8:      layout_basic, dpeg_lair_monsters, serial_shops, shop,
          chequers_serial_rivers_marsh
Temple:   minmay_crystal_spiral_temple

Skill      XL: |  1  2  3  4  5  6  7  8  9 10 |
---------------+-------------------------------+-----
Earth Magic    | 4 5 6 7 8 |  8.0
Spellcasting   | 3 4 6 |  6.0
Conjurations   | 1 2 3 |  3.0
Dodging        | 4 9 10 | 10.7
Stealth        | |  2.6
Transmutations | |  1.0

Action                   |  1- 3 |  4- 6 |  7- 9 | 10-12 || total
-------------------------+-------+-------+-------+-------++-------
Melee: Dagger            |    56 |    51 |    24 |     1 ||   132
       Constrict         |    14 |    10 |     4 |       ||    28
       Tentacles         |     9 |     8 |     3 |       ||    20
       Unarmed           |     1 |       |       |       ||     1
 Cast: Sandblast         |    14 |    45 |    46 |     7 ||   112
       Stone Arrow       |       |       |    64 |    32 ||    96
       Lee's Rapid Decon |       |       |     5 |       ||     5
 Abil: Evoke Blink       |       |       |     1 |       ||     1
  Use: Scroll            |       |       |     6 |       ||     6
 Stab: Sleeping          |     8 |    13 |       |       ||    21
       Distracted        |       |     1 |       |       ||     1
Armor: Skin              |     6 |     3 |     2 |     1 ||    12
Dodge: Dodged            |    31 |    45 |    44 |     9 ||   129

Table legend: (Time is in decaauts)
 A = Elapsed time spent in this place.
 B = Non-inter-level travel time spent in this place.
 C = Inter-level travel time spent in this place.
 D = Time resting spent in this place.
 E = Time spent auto-exploring this place.
 F = Levels seen in this place.
 G = Mean time per level.
                   A        B        C        D        E       F      G
               +--------+--------+--------+--------+--------+-----+--------+
         Total |  10607 |   9877 |    730 |    307 |   8340 |   9 | 1178.6 |
       Dungeon |  10389 |   9747 |    642 |    307 |   8214 |   8 | 1298.6 |
        Temple |    218 |    131 |     87 |      0 |    126 |   1 |  218.0 |
               +--------+--------+--------+--------+--------+-----+--------+

Top non-repeatable levels by time:
     D:7: 1760 daAuts
     D:5: 1624 daAuts
     D:2: 1427 daAuts
     D:8: 1408 daAuts
     D:3: 1125 daAuts
     D:1: 1099 daAuts
     D:6: 1093 daAuts
     D:4: 851 daAuts
  Temple: 218 daAuts
